 Dungeon Crawl Stone Soup version 0.29.1-12-g30fa7ad0bf (webtiles) character file.

Game seed: 5095715625212236547

30 cheesebisquit the Chiller (level 3, -5/26 HPs)
             Began as a Ghoul Ice Elementalist on Jan 12, 2023.
             Slain by an ogre
             ... wielding a +0 giant club
              (31 damage)
             ... on level 2 of the Dungeon.
             The game lasted 00:08:23 (1842 turns).

cheesebisquit the Chiller (Ghoul Ice Elementalist)  Turns: 1842, Time: 00:08:24

Health: -5/26      AC:  5    Str: 17    XL:     3   Next: 18%
Magic:  3/5        EV: 12    Int: 12    God:
Gold:   83         SH:  0    Dex:  9    Spells: 5/6 levels left

rFire   . . .      SeeInvis .   r - +0 dire flail
rCold   + . .      Faith    .   (shield currently unavailable)
rNeg    + + +      Spirit   .   a - +0 robe
rPois   ∞          Reflect  .   k - +2 helmet
rElec   .          Harm     .   (no cloak)
rCorr   .          Rampage  .   (no gloves)
Will    .....                   (no boots)
Stlth   ++........              (no amulet)
HPRegen 0.00/turn               d - +6 ring of strength
MPRegen 0.09/turn               (no ring)

@: inhibited regen
A: claws 1, cold resistance 1, negative energy resistance 3, inhibited
regeneration, torment resistance 2, devour on kill
a: no special abilities


You were on level 2 of the Dungeon.
You visited 1 branch of the dungeon, and saw 2 of its levels.

You collected 83 gold pieces.

Inventory:

Hand Weapons
 e - a +0 hand axe
 f - a +0 spear
 n - a +0 whip
 p - a +0 short sword
 r - a +0 dire flail (weapon)
Missiles
 j - 20 stones
Armour
 a - a +0 robe (worn)
 k - a +2 helmet (worn)
Jewellery
 d - a +6 ring of strength (left claw)
 h - a ring of protection from fire
 i - a ring of ice
Scrolls
 g - a scroll of brand weapon {unknown}
 l - a scroll of identify {unknown}
 q - a scroll of immolation {unknown}
Potions
 b - a potion of magic
 c - a potion of invisibility {unknown}
 m - a potion of degeneration {unknown}
 o - 2 potions of ambrosia {unknown}
 s - a potion of cancellation {unknown}


   Skills:
 - Level 1.7 Dodging
 - Level 2.1 Stealth
 + Level 2.4 Spellcasting
 + Level 5.0 Ice Magic


You had 5 spell levels left.
You knew the following spells:

 Your Spells              Type           Power      Damage    Failure   Level
a - Freeze                Ice            52%        1d7       3%          1

Your spell library contained the following spells:

 Spells                   Type           Power      Damage    Failure   Level
 Frozen Ramparts          Ice            26%        1d4       10%         3
 Ozocubu's Armour         Ice            13%        N/A       10%         3
 Ensorcelled Hibernation  Hex/Ice        14%        N/A       14%         2
 Magic Dart               Conj           4%         1d3       26%         1
 Call Imp                 Summ           1%         N/A       36%         2
 Passwall                 Tmut/Erth      0%         N/A       36%         2
 Mephitic Cloud           Conj/Pois/Air  1%         N/A       61%         3
 Swiftness                Air            1%         N/A       61%         3
 Hailstorm                Conj/Ice       7%         3d4       67%         4


Dungeon Overview and Level Annotations

Branches:
Dungeon (2/15)

Altars:

Shops:
D:2 *


Innate Abilities, Weirdness & Mutations

You are immune to poison.
You have sharp fingernails.
Your flesh is cold resistant. (rC+)
You are immune to negative energy. (rN+++)
You do not regenerate when monsters are visible.
You are immune to unholy pain and torment.
You thrive by killing the living.


Message History

The goblin hits you but does no damage. The goblin hits you with a +0 dagger.
You miss the goblin.
The goblin is heavily wounded.
The goblin hits you with a +0 dagger.
You barely miss the goblin.
The goblin is heavily wounded.
The goblin hits you with a +0 dagger.
Aiming: Freeze (safe; 3% risk of failure)
Press: ? - help, Q - select action, (/) - cycle Shift-Dir - straight line, f/p - goblin
Aim: a goblin, wielding a +0 dagger (heavily wounded)
You freeze the goblin.
You kill the goblin!
You feel better.
HP restored.
You see here a +0 dagger.
s - a pink potion A rat comes into view.
Found an escape hatch in the ceiling.
You hit the rat.
You kill the rat!
Your Ice Magic skill increases to level 5!
You see here a rat corpse.
There is an escape hatch in the ceiling here.
As you open the door, it creaks loudly!
You hear a shout!
An ogre comes into view. It is wielding a +0 giant club.
There is an open door here.
Aiming: Freeze (safe; 3% risk of failure)
Press: ? - help, Q - select action, (/) - cycle Shift-Dir - straight line, f - ogre
Aim: an ogre, wielding a +0 giant club You freeze the ogre.
The ogre is lightly wounded.
The ogre barely misses you.
Aiming: Freeze (safe; 3% risk of failure)
Press: ? - help, Q - select action, (/) - cycle Shift-Dir - straight line, f/p - ogre
Aim: an ogre, wielding a +0 giant club (lightly wounded)
You freeze the ogre.
The ogre is moderately wounded.
The ogre hits you with a +0 giant club!!
Ouch! That really hurt!
You die...

...........##.......#...#
...........###......#....
..........# #......>...#
..........# #..........#
..........# #..........#
..........# #..........#
..........# ####.#..#..#
......O...# #.#.....#
#@########.##.....
#.................
##########........
#########


You could see an ogre.

Vanquished Creatures
  5 ball pythons
  4 endoplasms
  4 goblins
  5 jackals
  A kobold (D:1)
  A quokka (D:2)
  2 bats (D:1)
  A frilled lizard (D:1)
  2 rats (D:2)
25 creatures vanquished.

Vanquished Creatures (others)
  4 toadstools (D:1)
4 creatures vanquished.

Grand Total: 29 creatures vanquished

Notes
Turn   | Place    | Note
-------+----------+-------------------------------------------
     0 | D:1      | cheesebisquit the Ghoul Ice Elementalist began the quest
                  | for the Orb.
     0 | D:1      | Reached XP level 1. HP: 14/14 MP: 2/2
   318 | D:1      | Reached XP level 2. HP: 14/20 MP: 0/4
   594 | D:1      | Found a faded altar of an unknown god.
  1514 | D:2      | Reached XP level 3. HP: 26/26 MP: 3/5
  1561 | D:2      | Found Kykhogae's Assorted Antiques.
  1804 | D:2      | Reached skill level 5 in Ice Magic
  1836 | D:2      | Noticed an ogre
  1842 | D:2      | Slain by an ogre

Illustrated notes

Levels and vault maps discovered:
D:1:      ldierk_walled_garden_2, layout_basic,
          shapermc_ecumenical_altar_starsandcircs
D:2:      layout_basic, basic_altar, serial_shops, nicolae_shop_stone,
          serial_curves, eino_curves_01, eino_curves_03, eino_curves_03,
          eino_curves_01, reono_crystal_passage

Skill      XL: |  1  2  3 |
---------------+----------+-----
Spellcasting   | 2 |  2.4
Ice Magic      | 5 |  5.0
Dodging        | |  1.7
Stealth        | |  2.1

Action                   || total
-------------------------++-------
Melee: Spear             ||    18
       Whip              ||     4
       Hand axe          ||     3
       Dire flail        ||    11
 Cast: Freeze            ||    28
Armor: Robe              ||     7
Dodge: Dodged            ||    39
